 Dungeon Crawl Stone Soup version 0.31.0-9-g3a7656b989 (webtiles) character file.

Game seed: 14601513515148005358

66 qw the Shooter (level 3, 0/18 HPs)
             Began as a Spriggan Hunter on Feb 2, 2024.
             Slain by a goblin
             ... wielding a +0 club
             ... led by Robin
              (2 damage)
             ... on level 2 of the Dungeon.
             The game lasted 00:00:03 (719 turns).

qw the Shooter (Spriggan Hunter)                     Turns: 719, Time: 00:00:03

Health: 0/18       AC:  2    Str:  7    XL:     3   Next: 96%
Magic:  4/4        EV: 19    Int: 10    God:
Gold:   43         SH:  0    Dex: 20    Spells: 2/2 levels left

rFire   . . .        a - +1 shortbow
rCold   . . .        (shield currently unavailable)
rNeg    . . .        c - +0 robe
rPois   .            (helmet restricted)
rElec   .            (no cloak)
rCorr   .            (gloves unavailable)
SInv    +            (boots unavailable)
Will    .....        (no amulet)
Stlth   ++           (no ring)
HPRegen 0.23/turn    (no ring)
MPRegen 0.09/turn

%: no passive effects
@: very quick
A: very small, no large weapons, unfitting armour, see invisible, speed 3
a: no special abilities


You were on level 2 of the Dungeon.
You visited 1 branch of the dungeon, and saw 2 of its levels.

You collected 43 gold pieces.


Innate Abilities, Weirdness & Mutations

You are very small and have problems with some larger weapons.
You are too small for most types of armour.
You have supernaturally acute eyesight. (SInv)
You cover ground extremely quickly. (Speed+++)


   Skills:
 - Level 1.5 Fighting
 - Level 5.0 Ranged Weapons
 + Level 4.1 Dodging
 - Level 1.5 Stealth


You had 2 spell levels left.
You didn't know any spells.
Your spell library was empty.

Inventory:

Hand Weapons
 a - a +1 shortbow (weapon)
Armour
 c - a +0 robe (worn)
Potions
 b - a potion of ambrosia {unknown}
 d - a potion of curing {unknown}
 g - a potion of attraction {unknown}

Dungeon Overview and Level Annotations

Branches:
Dungeon (2/15)

Altars:


Message History

You shoot an arrow. The arrow hits the adder.
You kill the adder!
The goblin hits you with a +0 club. x2; The goblin completely misses you.
The goblin closely misses you. The goblin completely misses you.
Your Ranged Weapons skill increases to level 5!
You shoot an arrow. The arrow hits the goblin.
The goblin is severely wounded.
The goblin misses you. The goblin closely misses you.
The goblin barely misses you.
You shoot an arrow. The arrow hits the goblin.
You kill the goblin!
The goblin misses you. x2
You shoot an arrow. The arrow hits the goblin.
The goblin is moderately wounded.
The goblin completely misses you. The goblin misses you. x2
You shoot an arrow. The arrow misses the goblin.
The goblin barely misses you. The goblin hits you with a +0 club.
The goblin completely misses you.
You shoot an arrow. The arrow hits the goblin!
You kill the goblin!
The goblin closely misses you. The goblin hits you with a +0 club.
You shoot an arrow. The arrow barely misses the goblin.
The goblin completely misses you. The goblin hits you with a +0 club.
The goblin completely misses you.
You shoot an arrow. The arrow hits the goblin.
You kill the goblin!
The goblin misses you. The goblin completely misses you. The goblin misses you.
The goblin completely misses you. x2
You shoot an arrow. The arrow misses the goblin.
The goblin completely misses you. The goblin barely misses you.
The goblin misses you.
You shoot an arrow. The arrow barely misses the goblin.
The goblin misses you. x2; The goblin completely misses you.
You shoot an arrow. The arrow hits the goblin.
You kill the goblin!
The goblin completely misses you. The goblin misses you.
You shoot an arrow. The arrow hits the hobgoblin!
You kill the hobgoblin!
The goblin hits you with a +0 club.
You die...

... #..# ####
#... #..# ...
#.## ..
#.###### # #.
#..~~~~~
....##g######
#.####~~
......g@....###
#.#
.#....)####...#
#.# ####.)
###.###.## ##)
#......##### ..
#####..#.... ..
####...... ##.
#........... #.
(.####.#....
#.........#


You could see 2 goblins.

Vanquished Creatures
  2 adders (D:2)
  2 bats
  5 endoplasms (D:1)
  3 giant cockroaches (D:1)
  11 goblins
  6 hobgoblins
  3 kobolds (D:1)
  2 quokkas (D:1)
  5 ball pythons (D:1)
  A frilled lizard (D:1)
  4 rats (D:1)
44 creatures vanquished.

Notes
Turn   | Place    | Note
-------+----------+-------------------------------------------
     0 | D:1      | qw the Spriggan Hunter began the quest for the Orb.
     0 | D:1      | Reached XP level 1. HP: 10/10 MP: 2/2
     0 | D:1      | 0 ||| qw: Version: 0.3-a-155-g5e7d8dd
     0 | D:1      | 0 ||| qw: Game counter: 2872
     0 | D:1      | 0 ||| qw: Melee chars always use a shield: true
     0 | D:1      | 0 ||| qw: God list: Okawaru
     0 | D:1      | 0 ||| qw: Allow faded altars: false
     0 | D:1      | 0 ||| qw: Do Orc after clearing Dungeon:15 true
     0 | D:1      | 0 ||| qw: Do second Lair branch before Depths: true
     0 | D:1      | 0 ||| qw: Lair rune preference: random
     0 | D:1      | 0 ||| qw: Goals: Normal
     0 | D:1      | 0 ||| PLANNING D:1-11
    61 | D:1      | Reached skill level 3 in Dodging
   145 | D:1      | Reached XP level 2. HP: 14/14 MP: 3/3
   427 | D:1      | Reached XP level 3. HP: 18/18 MP: 4/4
   604 | D:1      | 604 ||| READING scroll labelled UNEPAI JAODD.
   604 | D:1      | 604 ||| ENCHANTING +0 shortbow.
   605 | D:1      | 605 ||| READING scroll labelled OCABRO QYOM.
   606 | D:1      | 606 ||| READING scroll labelled JEVEEL EN VYIXI.
   606 | D:1      | 606 ||| ENCHANTING +0 shortbow.
   607 | D:1      | 607 ||| READING scroll labelled KEUJIJ RUUGIOMP.
   608 | D:1      | 608 ||| DROPPING scroll of butterflies.
   708 | D:2      | HP: 4/18 [goblin/+0 club[Robin] (3)]
   709 | D:2      | Reached skill level 5 in Ranged Weapons
   713 | D:2      | HP: 3/18 [goblin/+0 club[Robin] (1)]
   714 | D:2      | HP: 1/18 [goblin/+0 club[Robin] (3)]
   719 | D:2      | Slain by a goblin

Levels and vault maps discovered:
D:1:      sevenhm_arrival_forest_fort_small_4, layout_basic,
          corexii_item_surrounded_by_moat, st_stairs_12
D:2:      layout_rooms, serial_rivers, chequers_serial_rivers_room_a,
          chequers_serial_rivers_room_a, chequers_serial_rivers_large_b,
          chequers_serial_rivers_small_a, chequers_serial_rivers_micro_a,
          chequers_serial_rivers_small_b, uniq_robin

Skill      XL: |  1  2  3 |
---------------+----------+-----
Dodging        | 3 4 |  4.1
Ranged Weapons | 5 |  5.0
Fighting       | |  1.5
Stealth        | |  1.5

Action                     || total
---------------------------++-------
   Fire: Shortbow          ||    90
    Use: Scroll            ||     4
 Armour: Robe              ||    18
  Dodge: Dodged            ||    82

Table legend:
 A = Non-vault XP
 B = Vault XP
 C = Vault XP percentage of total XP
 D = Non-vault monster count
 E = Vault monster count
 F = Vault count percentage of total count
                 A         B        C        D         E       F
            +---------+---------+-------+---------+---------+-------
      Total |      79 |      18 |  18.6 |      35 |       9 |  20.5
            +---------+---------+-------+---------+---------+-------
        D:1 |      52 |       2 |   3.7 |      32 |       1 |   3.0
        D:2 |      27 |      16 |  37.2 |       3 |       8 |  72.7
            +---------+---------+-------+---------+---------+-------
